 Dungeon Crawl Stone Soup version 0.20-a0-303-g575bbf7 (webtiles) character file.

384662 Ijustatesigmund the Messiah (level 22, -13/217 HPs)
             Began as a Hill Orc Monk on Dec 14, 2016.
             Was the Champion of Beogh.
             Killed from afar by a tengu reaver (20 damage)
             ... with a bolt of magma
             ... on level 5 of the Vaults on Dec 16, 2016.
             The game lasted 03:54:36 (42633 turns).

Ijustatesigmund the Messiah (Hill Orc Monk)        Turns: 42633, Time: 03:54:38

Health: -13/217    AC: 44    Str: 19    XL:     22   Next: 97%
Magic:  35/37      EV: 16    Int: 10    God:    Beogh [******]
Gold:   2393       SH:  8    Dex: 18    Spells: 17/21 levels left

rFire  + + +     SeeInvis .     A - +2 broad axe (vamp)
rCold  . . .     Gourm    .     S - +27 Lear's hauberk
rNeg   . . .     Faith    .     I - +0 buckler of the Great Game {*Slow rElec rF+++ rCorr}
rPois  .         Spirit   .     (helmet currently unavailable)
rElec  +         Reflect  .     x - +2 cloak {+Inv}
rCorr  +         Harm     .     (gloves currently unavailable)
MR     +....                    (boots currently unavailable)
Stlth  ..........               T - amulet of regeneration
                                m - +3 ring of evasion
                                L - +3 ring of slaying

@: slightly contaminated, hasted, drained, very quick
A: walk on water
}: 2/15 runes: abyssal, gossamer
a: Smiting, Recall Orcish Followers, Give Item to Named Follower, Resurrection,
Renounce Religion, Evoke Invisibility


You were on level 5 of the Vaults.
You worshipped Beogh.
Beogh was exalted by your worship.
You were not hungry.

You visited 6 branches of the dungeon, and saw 35 of its levels.
You visited the Abyss 3 times.
You visited 1 bazaar.
You also visited: Labyrinth, Ossuary and Desolation.

You collected 4556 gold pieces.
You spent 2163 gold pieces at shops.

Inventory:

Hand Weapons
 l - the +3 broad axe "Rokkobav" {holy, Str+3 Dex+6 Stlth-}
   (You found it on level 3 of the Elven Halls)

   It has been blessed by the Shining One to cause great damage to the undead
   and demons.
   It affects your strength (+3).
   It affects your dexterity (+6).
   It makes you less stealthy.
 A - a +2 vampiric broad axe (weapon)
 J - a +2 glaive of venom
Missiles
 Q - 2 javelins of penetration (quivered)
Armour
 g - a +2 plate armour of cold resistance
 x - a +2 cloak of invisibility (worn)
 z - the +2 plate armour "Dieles" {rC+ Regen+ Int+4}
   (You found it on level 2 of the Vaults)

   It affects your intelligence (+4).
   It protects you from cold.
   It increases your rate of regeneration.
 I - the +0 buckler of the Great Game (worn) {*Slow rElec rF+++ rCorr}
   (You found it on level 9 of the Dungeon)

   It renders you almost immune to fire.
   It insulates you from electricity.
   It protects you from acid and corrosion.
   It may slow you when you take damage.
 K - the +3 buckler of Lecaudgh {rCorr}
   (You acquired it in a labyrinth)

   It protects you from acid and corrosion.
 S - the +27 Lear's hauberk (worn)
   (You found it on level 13 of the Dungeon)
Rods
 P - a +2 rod of clouds (11/11)
   (You took it off a deep elf annihilator on level 3 of the Elven Halls)
Jewellery
 e - an uncursed ring of poison resistance
 i - a +6 amulet of reflection
 m - a +3 ring of evasion (right hand)
 r - an uncursed ring of protection from cold
 t - the amulet "Zugiq" {+Rage rF++ MP-9}
   (You found it on level 3 of the Elven Halls)

   [amulet of rage]

   It greatly protects you from fire.
   It affects your magic capacity (-9).
   It lets you go berserk.
 u - the amulet of a Thousand Ghosts {Regen+ Str+2 Int+8 Dex-5 Stlth+}
   (You found it in the Desolation of Salt)

   [amulet of regeneration]

   It affects your strength (+2).
   It affects your intelligence (+8).
   It affects your dexterity (-5).
   It increases your rate of regeneration.
   It makes you more stealthy.
 D - the ring "Acsah" {Wiz Str+4 Int+4}
   (You took it off a deep elf mage on level 3 of the Elven Halls)

   [ring of wizardry]

   It improves your spell success rate.
   It affects your strength (+4).
   It affects your intelligence (+4).
 L - a +3 ring of slaying (left hand)
 T - an amulet of regeneration (around neck)
 W - an uncursed ring of see invisible
 X - the ring "Sytin" {Wiz rN++ Str-5}
   (You found it in the Desolation of Salt)

   [ring of wizardry]

   It improves your spell success rate.
   It affects your strength (-5).
   It greatly protects you from negative energy.
Wands
 o - a wand of disintegration (9/24)
 v - a wand of teleportation (7/9)
 B - a wand of heal wounds (0/9)
 C - a wand of lightning (6/15)
 G - a wand of hasting (2/9)
 Z - a wand of acid (3/15)
Scrolls
 d - 2 scrolls of identify
 f - a scroll of acquirement
 h - 16 scrolls of remove curse
 j - a scroll of summoning
 n - 9 scrolls of teleportation
 s - 4 scrolls of fog
 y - 9 scrolls of blinking
 E - a scroll of magic mapping
 H - 2 scrolls of enchant armour
 V - 4 scrolls of fear
Potions
 a - a potion of berserk rage
 b - a potion of curing
 k - 4 potions of cure mutation
 q - 8 potions of agility
 w - 2 potions of magic
 F - 7 potions of brilliance
 N - a potion of resistance
 O - 3 potions of flight
Books
 M - a book of Conjurations

   Spells                             Type                      Level
   a - Magic Dart                     Conjuration                  1
   b - Searing Ray                    Conjuration                  2
   c - Dazzling Spray                 Conjuration/Hexes            3
   d - Fulminant Prism                Conjuration/Hexes            4
   e - Iskenderun's Mystic Blast      Conjuration                  4
   f - Iskenderun's Battlesphere      Conjuration/Charms           5
Miscellaneous
 Y - 2 phantom mirrors
Comestibles
 c - 13 bread rations
 p - 14 meat rations


   Skills:
 - Level 22.8(22.6) Fighting
 - Level 22.0(21.7) Axes
 - Level 2.2(2.0) Throwing
 - Level 15.3(15.0) Armour
 - Level 8.4(8.2) Dodging
 - Level 1.5(1.4) Stealth
 - Level 12.9(12.7) Shields
 + Level 22.9(22.6) Invocations
 - Level 10.8(10.6) Evocations


You had 17 spell levels left.
You knew the following spells:

 Your Spells              Type           Power        Failure   Level  Hunger
a - Summon Butterflies    Summ           #.......     99%         1    ##.....
b - Swiftness             Chrm/Air       #.......     100%        2    ###....
c - Apportation           Tloc           #.........   99%         1    ##.....


Dungeon Overview and Level Annotations

Branches:
Dungeon (15/15)            Temple (0/1) D:7            Lair (6/6) D:8
 Shoals (0/4) Lair:4       Spider (4/4) Lair:2        Slime (0/5) Lair:6
    Orc (2/2) D:11            Elf (3/3) Orc:2        Vaults (5/5) D:14
  Crypt (0/3) Vaults:2     Depths (0/5) D:15

Altars:
Cheibriados
Elyvilon
Fedhas
Gozag
Hepliaklqana
Nemelex Xobeh
Uskayaw
Vehumet
Yredelemnul
The Shining One
Beogh
Jiyva

Shops:
D:6 ?%   D:7 [   D:13 *   Orc:2 *[(:*   Elf:2 [   Vaults:1 [   Vaults:2 (
Vaults:3 :   Vaults:4 [

Annotations:
Vaults:5 Mara


Message History

A fire giant comes into view. It is wielding a battleaxe of freezing.
The fire giant gestures at you while chanting.
The bolt of fire hits you! You resist.
* * * LOW HITPOINT WARNING * * *
You hear a shout! x4
Found 11 arrows.
A stone giant and a phantasmal warrior come into view.
A deep troll and a tengu reaver come into view.
The tengu reaver is wielding a battleaxe of venom.
The tengu reaver shouts!
The deep troll shouts!
The tengu reaver shouts!
You hear a shout!
The vault warden unwields an uncursed enchanted great mace.
The vault warden wields an arbalest.
The vault warden shoots a bolt.
The bolt hits you but does no damage.
The stone giant moves out of view.
The fire giant gestures at you while chanting.
The bolt of fire hits you! You resist.
* * * LOW HITPOINT WARNING * * *
The tengu reaver points at you and mumbles some strange words.
The bolt of magma hits you! You partially resist.
You die...

.. #. #.# #.. #..
#.# .#.# ## #W.
Cp(#. ##. #.#
#C#.# #|T #.p
#pC. #.#.#p# #.#
##@.Q# #c #.#.#(#
#.# . #...#.Q ..
..o .XC.###)# #=#
#######o.).....##
## ###
§x*§oe9e.......
..
C§§§§Coe.......
..
###############
##


You could see a tentacled monstrosity, a fire giant, 2 vault wardens, 2 tengu
reavers, a deep troll and a phantasmal warrior.

Vanquished Creatures
  2 ancient liches
  2 deep elf blademasters (Elf:3)
  A titan (Vaults:5)
  A deep elf master archer (Elf:3)
  3 tentacled starspawn (Abyss:3)
  A tengu reaver (Vaults:4)
  A frost giant (Vaults:3)
  4 ghost moths (Spider:4)
  2 deep elf sorcerers
  3 imperial myrmidons (Desolation)
  6 vault wardens
  6 emperor scorpions
  A ghoul (Vaults:1)
  3 deep elf elementalists
  12 ironheart preservers
  13 very ugly things
  6 stone giants
  4 entropy weavers
  6 deep elf demonologists
  Nessos (D:15)
  15 starcursed masses
  The ghost of heinrich the Eviscerator, a journeyman FeBe of Trog (Desolation)
  7 deep elf annihilators
  2 halazid warlocks (Desolation)
  2 ettins
  5 dire elephants
  2 deep elf death magi (Elf:3)
  A fire dragon (Vaults:1)
  3 crystal guardians (Desolation)
  A minotaur (Lab)
  4 yaktaur captains
  4 ragged hierophants (Desolation)
  A deep elf high priest (Vaults:5)
  Erolcha (D:12)
  28 vault guards
  4 servants of whispers (Desolation)
  3 hydras
  8 peacekeepers (Desolation)
  An ice dragon (Vaults:1)
  5 centaur warriors
  An anaconda (Lair:6)
  A death knight (Vaults:1)
  A tengu warrior (D:15)
  20 dancing weapons
  31 two-headed ogres
  7 ogre magi
  A deep troll earth mage (Vaults:3)
  A queen ant (Spider:3)
  Sonja (D:12)
  13 deep elf knights
  4 large abominations
  2 skeletal warriors (Vaults:1)
  A hell knight (Vaults:2)
  2 wretched stars (Abyss:3)
  An unseen horror (Vaults:1)
  A spatial maelstrom (Abyss:3)
  2 glowing orange brains
  10 deep elf archers
  5 deep trolls
  4 harpies (Vaults:3)
  A necromancer (Vaults:2)
  An orb spider (shapeshifter) (D:13)
  2 phantasmal warriors
  57 deep elf magi
  7 ironbrand convokers
  A wolf spider zombie (D:15)
  6 orc knights
  25 wolf spiders
  4 manticores
  An orc sorcerer (Orc:1)
  4 cyclopes
  16 orb spiders
  25 ugly things
  5 elephants (Lair:6)
  2 moths of wrath
  7 black mambas
  An elephant (shapeshifter) (Vaults:2)
  10 vault sentinels
  4 guardian serpents (Desolation)
  A smoke demon (Abyss:2)
  A molten gargoyle (Desolation)
  An eye of devastation (shapeshifter) (Elf:2)
  2 centaur skeletons
  A gargoyle (D:14)
  12 spiny frogs
  A kobold demonologist (D:12)
  A torpor snail (Spider:2)
  11 demonic crawlers
  2 tengu conjurers
  8 freezing wraiths
  23 yaktaurs
  A rime drake (Lair:5)
  An ancient zyme (Abyss:3)
  6 komodo dragons
  The ghost of DEFE the Ducker, a novice DEFi (D:5)
  3 trolls
  38 jumping spiders
  52 saltlings (Desolation)
  A queen bee (D:11)
  A queen bee (shapeshifter) (Vaults:2)
  3 meliai (D:13)
  5 hornets
  4 hippogriffs
  A human simulacrum (Vaults:1)
  12 blink frogs
  9 slime creatures
  A spriggan (shapeshifter) (Vaults:3)
  A shadow (D:15)
  69 redbacks
  The ghost of mopl the Stinger, an amateur DEVM (D:4)
  5 wraiths
  30 tarantellas
  2 water elementals
  A vampire (D:8)
  4 air elementals
  22 yaks
  Grum (D:9)
  A golden eye (shapeshifter) (Vaults:1)
  5 wyverns
  3 fire elementals (Elf:1)
  2 basilisks
  4 vampire mosquitoes
  A hungry ghost (D:14)
  5 wargs
  16 soldier ants (Spider:3)
  A water moccasin (shapeshifter) (Vaults:4)
  11 orc warriors
  8 water moccasins
  8 porcupines
  A black bear (D:9)
  A sky beast (shapeshifter) (Elf:1)
  3 sky beasts
  2 eyes of draining
  2 phantoms
  4 ice beasts
  A black bear (shapeshifter) (Vaults:3)
  A tengu (shapeshifter) (Vaults:4)
  19 ogres
  6 centaurs
  23 wolves
  10 boggarts
  6 crocodiles
  A crocodile (shapeshifter) (Elf:1)
  3 big kobolds
  An earth elemental (Elf:2)
  14 bullfrogs
  34 scorpions
  3 small abominations (Abyss:3)
  A wyvern skeleton (D:12)
  An elf simulacrum (Vaults:3)
  39 killer bees
  A howler monkey (D:7)
  5 wights
  7 crimson imps
  3 bullfrog zombies
  2 centaur zombies (D:12)
  3 jellies
  5 orc priests
  Crazy Yiuf (D:5)
  3 bullfrog skeletons
  5 hounds
  10 orc wizards
  2 iguanas
  Natasha (thrice) (D:2)
  17 worker ants
  A hound zombie (D:5)
  2 hound skeletons
  3 mummies (Ossuary)
  A howler monkey zombie (D:6)
  2 worker ant zombies (D:8)
  5 gnolls
  A howler monkey skeleton (D:5)
  12 adders
  6 shadow imps
  A white imp (Abyss:3)
  An ufetubus (Abyss:3)
  2 adder zombies
  An adder skeleton (D:5)
  2 worms (D:2)
  2 dart slugs
  3 leopard geckos
  27 orcs
  5 giant cockroaches
  4 gnoll zombies
  8 goblins
  10 hobgoblins
  14 jackals
  19 kobolds
  7 quokkas
  8 bats
  3 frilled lizards
  A giant cockroach zombie (D:5)
  2 goblin zombies (Ossuary)
  5 hobgoblin zombies (Ossuary)
  A kobold zombie (Ossuary)
  A leopard gecko skeleton (D:5)
  10 rats
  2 fungi
  8 pillars of salt (Elf:2)
  A plant (Lair:2)
  6 starspawn tentacles (Abyss:3)
1298 creatures vanquished.

Vanquished Creatures (collateral kills)
  Jory (Vaults:3)
  Rupert (Lair:4)
  A lich (Vaults:4)
  A titan (Vaults:5)
  A sphinx (Vaults:4)
  A tentacled starspawn (Abyss:3)
  2 shadow dragons (Vaults:5)
  2 tengu reavers (Vaults:5)
  Roxanne (Elf:1)
  Agnes (Elf:2)
  2 fire giants (Vaults:3)
  A storm dragon (Vaults:5)
  3 deep elf sorcerers (Elf:3)
  A frost giant (Vaults:4)
  7 vault wardens
  Louise (Spider:2)
  An orc warlord (Orc:2)
  3 emperor scorpions (Spider:4)
  3 deep elf elementalists
  4 ironheart preservers
  A very ugly thing (Vaults:4)
  An entropy weaver (shapeshifter) (Vaults:5)
  2 entropy weavers
  4 stone giants
  3 deep elf demonologists
  2 dire elephants (Lair:6)
  7 deep elf annihilators
  Snorg (D:11)
  A spark wasp (Spider:3)
  An ettin (Vaults:4)
  4 deep elf death magi (Elf:3)
  3 deep elf high priests
  A fire dragon (Vaults:3)
  2 great orbs of eyes
  7 yaktaur captains
  A hydra (D:13)
  2 rakshasas
  4 ice dragons
  A peacekeeper (Desolation)
  A vault guard (Vaults:1)
  The ghost of Xiguana the Destroyer, a journeyman DgWz (D:10)
  3 death knights
  14 two-headed ogres
  8 dancing weapons
  5 ogre magi
  A deep troll earth mage (Vaults:2)
  4 death yaks (Lair:5)
  Urug (D:12)
  An orc high priest (Orc:2)
  A vampire mage (Vaults:2)
  7 deep elf knights
  A skeletal warrior (Vaults:2)
  An unseen horror (D:14)
  2 ironbrand convokers
  7 deep trolls
  5 deep elf archers
  4 orc knights
  A phantasmal warrior (Vaults:1)
  2 wizards
  9 harpies
  17 ugly things
  7 orb spiders
  15 deep elf magi
  11 wolf spiders
  6 orc sorcerers
  A cyclops (Vaults:2)
  A manticore (D:10)
  4 elephants (Lair:6)
  A guardian serpent (Desolation)
  5 vault sentinels
  6 black mambas
  Psyche (D:11)
  2 spiny frogs
  A yaktaur (shapeshifter) (Elf:3)
  8 demonic crawlers
  4 komodo dragons
  8 yaktaurs
  A freezing wraith (Vaults:4)
  A rime drake (Lair:6)
  9 trolls
  A tengu conjurer (D:14)
  13 jumping spiders
  2 hornets
  2 queen bees
  2 wind drakes (shapeshifter)
  A blink frog (Lair:3)
  3 saltlings (Desolation)
  6 hippogriffs
  8 slime creatures
  A meliai zombie (D:14)
  A spriggan (Lair:5)
  A water elemental (Elf:3)
  12 tarantellas
  18 redbacks
  A large abomination (Abyss:3)
  3 wyverns
  14 yaks
  3 wraiths
  3 basilisks
  2 hungry ghosts
  A vampire mosquito (D:14)
  4 water moccasins
  10 soldier ants
  3 porcupines
  A swamp drake (D:11)
  12 orc warriors
  A sky beast (D:10)
  An eye of draining (shapeshifter) (Vaults:2)
  A boggart (Vaults:1)
  6 ogres
  8 wolves
  2 crocodiles
  2 centaurs (D:13)
  5 bullfrogs
  2 earth elementals (Elf:3)
  6 scorpions (Spider:3)
  23 killer bees
  An orc simulacrum (Vaults:2)
  3 wights (D:14)
  2 electric eels
  A crimson imp (D:11)
  2 hounds
  A quasit (D:10)
  An orc priest (Orc:1)
  6 worker ants
  6 orc wizards
  2 gnolls (D:11)
  An ooze (shapeshifter) (Vaults:4)
  14 orcs
  A jackal (D:10)
  A quokka (Orc:1)
  A kobold (D:11)
  A bush (Elf:3)
  6 fungi
  11 plants
520 creatures vanquished.

Vanquished Creatures (others)
  A deep elf master archer (Elf:3)
  3 orc warlords (Elf:3)
  A deep elf sorcerer (Elf:3)
  An ironheart preserver (Vaults:2)
  2 orc high priests
  21 orc knights
  A deep elf demonologist (Elf:3)
  A deep elf knight (Elf:2)
  A wizard (Vaults:2)
  A deep troll (Vaults:5)
  2 deep elf archers (Elf:2)
  An ironbrand convoker (Desolation)
  7 orc sorcerers
  5 yaktaurs
  A saltling (Desolation)
  An ice beast (D:8)
  30 orc warriors
  2 ogres
  62 orcs
  15 orc priests
  15 orc wizards
  3 kobolds
  10 fungi
  A plant (Lair:6)
  7 starspawn tentacles (Abyss:3)
195 creatures vanquished.

Grand Total: 2013 creatures vanquished

Notes
Turn   | Place    | Note
-------+----------+-------------------------------------------
     0 | D:1      | Ijustatesigmund the Hill Orc Monk began the quest for the Orb.
     0 | D:1      | Reached XP level 1. HP: 19/19 MP: 1/1
   364 | D:1      | Reached XP level 2. HP: 18/27 MP: 2/2
   848 | D:1      | Reached skill level 5 in Axes
  1172 | D:2      | Noticed Natasha
  1180 | D:2      | Noticed a crimson imp
  1181 | D:2      | Killed Natasha
  1181 | D:2      | Reached XP level 3. HP: 22/33 MP: 3/3
  1278 | D:2      | Reached XP level 4. HP: 40/40 MP: 4/4
  1292 | D:2      | Noticed Natasha
  1301 | D:2      | Killed Natasha
  1443 | D:2      | Noticed Natasha
  1456 | D:2      | Killed Natasha
  1661 | D:2      | Reached XP level 5. HP: 42/47 MP: 5/5
  1748 | D:2      | Found a glowing golden altar of the Shining One.
  2077 | D:3      | Found a blossoming altar of Fedhas.
  2182 | D:3      | Reached skill level 5 in Fighting
  2208 | D:3      | Reached skill level 1 in Armour
  2405 | D:3      | Found a snail-covered altar of Cheibriados.
  2703 | D:3      | Found an opulent altar of Gozag.
  2812 | D:3      | Reached XP level 6. HP: 24/56 MP: 6/6
  3260 | D:4      | Noticed mopl's ghost (amateur DEVM)
  3287 | D:4      | Killed mopl's ghost
  3287 | D:4      | Reached XP level 7. HP: 26/62 MP: 7/7
  3305 | D:4      | Found a sand-covered staircase.
  3320 | Ossuary  | Entered an ossuary
  3320 | Ossuary  | Noticed a wraith
  3320 | Ossuary  | Noticed a wraith
  3320 | Ossuary  | Noticed a wraith
  3759 | Ossuary  | Noticed a wraith
  3783 | Ossuary  | Killed a wraith
  4444 | D:4      | Noticed a dagger
  4445 | D:4      | Noticed a dagger
  4445 | D:4      | Found a hide-covered altar of Uskayaw.
  4694 | D:5      | Entered Level 5 of the Dungeon
  4741 | D:5      | Reached skill level 1 in Shields
  4856 | D:5      | Noticed DEFE's ghost (novice DEFi)
  4893 | D:5      | Killed DEFE's ghost
  4893 | D:5      | Reached XP level 8. HP: 54/73 MP: 8/8
  5070 | D:5      | Found a radiant altar of Vehumet.
  5706 | D:5      | Found a runed door.
  5715 | D:5      | Noticed Crazy Yiuf
  5728 | D:5      | Killed Crazy Yiuf
  5974 | D:6      | Reached skill level 10 in Axes
  5979 | D:6      | Reached XP level 9. HP: 66/82 MP: 9/9
  6078 | D:6      | Found Lottat's Food Shop.
  6250 | D:6      | Found a sparkling altar of Nemelex Xobeh.
  6251 | D:6      | Found a hazy altar of Hepliaklqana.
  7044 | D:6      | Found Rebiul's Magic Scroll Boutique.
  7052 | D:6      | Bought a scroll of enchant armour for 82 gold pieces
  7052 | D:6      | Bought a scroll of identify for 22 gold pieces
  7052 | D:6      | Bought a scroll of magic mapping for 38 gold pieces
  7187 | D:6      | Became a worshipper of Beogh the Brigand
  7187 | D:6      | Reached * piety under Beogh
  7187 | D:6      | Reached ** piety under Beogh
  7270 | D:6      | Reached skill level 1 in Invocations
  7419 | D:7      | Found Zuhed's Antique Armour Shop.
  7489 | D:7      | Found a staircase to the Ecumenical Temple.
  8150 | D:7      | Reached skill level 5 in Armour
  8188 | D:7      | Found a basalt altar of Yredelemnul.
  8708 | D:8      | Reached skill level 5 in Invocations
  8823 | D:8      | Found a radiant altar of Vehumet.
  8850 | D:8      | Found a staircase to the Lair.
  8884 | D:8      | Gained mutation: You can translocate small distances at will. [potion of beneficial mutation]
  8919 | D:8      | Got an encrusted scale mail
  8930 | D:8      | Identified the +1 scale mail of Dawn {+Inv rC++ Regen+ Stlth+} (You found it on level 8 of the Dungeon)
  9542 | D:9      | Noticed Grum
  9564 | D:9      | Reached XP level 10. HP: 67/90 MP: 15/15
  9589 | D:9      | Killed Grum
  9755 | D:9      | Reached *** piety under Beogh
  9795 | D:9      | Got a steaming buckler
  9806 | D:9      | Identified the +0 buckler of the Great Game {*Slow rElec rF+++ rCorr} (You found it on level 9 of the Dungeon)
 10165 | D:9      | Found a white marble altar of Elyvilon.
 10305 | D:10     | Entered Level 10 of the Dungeon
 10317 | D:10     | Noticed a two-headed ogre
 10327 | D:10     | Killed a two-headed ogre
 10392 | D:10     | Noticed Xiguana's ghost (journeyman DgWz)
 10405 | D:10     | Killed Xiguana's ghost
 10580 | D:10     | Noticed a manticore
 10588 | D:10     | Killed a manticore
 10780 | D:10     | Reached skill level 10 in Fighting
 10883 | D:11     | Noticed a centaur warrior
 10886 | D:11     | Noticed Snorg
 10894 | D:11     | Gained Spirok as an ally
 10895 | D:11     | Killed a centaur warrior
 10895 | D:11     | Reached skill level 10 in Invocations
 10895 | D:11     | Reached XP level 11. HP: 76/101 MP: 18/18
 10901 | D:11     | Killed Snorg
 10978 | D:11     | Noticed Psyche
 10988 | D:11     | Killed Psyche
 10996 | D:11     | Reached **** piety under Beogh
 11247 | D:11     | Found a staircase to the Orcish Mines.
 11251 | D:11     | Gained Ogrik as an ally
 11253 | D:11     | Noticed a cyclops
 11265 | D:11     | Killed a cyclops
 11336 | D:11     | Noticed a cyclops
 11344 | D:11     | Killed a cyclops
 11373 | D:11     | Noticed a two-headed ogre
 11382 | D:11     | Killed a two-headed ogre
 11679 | D:12     | Noticed a white ugly thing
 11694 | D:12     | Killed a white ugly thing
 11752 | D:12     | Noticed Sonja
 11754 | D:12     | Killed Sonja
 11761 | D:12     | Noticed Urug
 11779 | D:12     | Killed Urug
 11919 | D:12     | Upgraded the game from 0.20-a0-296-gf222164 to 0.20-a0-299-gec7c366
 11955 | D:12     | Noticed a manticore
 11961 | D:12     | Killed a manticore
 11961 | D:12     | Reached XP level 12. HP: 112/112 MP: 19/21
 12117 | D:12     | Noticed Erolcha
 12126 | D:12     | Killed Erolcha
 12281 | D:12     | Noticed a two-headed ogre
 12286 | D:12     | Killed a two-headed ogre
 12558 | D:13     | Found a sparkling altar of Nemelex Xobeh.
 12638 | D:13     | Found Waixt's General Store.
 12664 | D:13     | Found a labyrinth entrance.
 12673 | Lab      | Entered a labyrinth
 12674 | Lab      | Identified a scroll of acquirement
 12677 | Lab      | Got a shimmering buckler
 12683 | Lab      | Identified the +3 buckler of Lecaudgh {rCorr} (You acquired it in a labyrinth)
 13112 | Lab      | Noticed a minotaur
 13117 | Lab      | Killed a minotaur
 13148 | Lab      | Identified the Grimoire of Good Luck
 13154 | Lab      | Got a heavily runed bronze ring
 13156 | Lab      | Identified the ring of Xaifefow {MP+9 Int+3} (You found it in a labyrinth)
 13166 | Lab      | Got a jewelled leather armour
 13177 | Lab      | Identified the +1 leather armour "Umoj" {Dex+6} (You took it off a minotaur in a labyrinth)
 13496 | D:13     | Reached ***** piety under Beogh
 13504 | D:13     | Noticed a four-headed hydra
 13510 | D:13     | Killed a five-headed hydra
 13550 | D:13     | Bought a +1 halberd of chopping for 169 gold pieces
 14048 | D:14     | Reached skill level 5 in Shields
 14083 | D:14     | Gained Milork as an ally
 14098 | D:14     | Noticed a two-headed ogre
 14108 | D:14     | Reached XP level 13. HP: 115/122 MP: 23/23
 14129 | D:14     | Found a gate to the Vaults.
 14132 | D:14     | Reached skill level 5 in Dodging
 14919 | Lair:1   | Entered Level 1 of the Lair of Beasts
 15108 | Lair:1   | Reached ****** piety under Beogh
 16028 | Orc:1    | Entered Level 1 of the Orcish Mines
 16199 | Orc:1    | Found a roughly hewn altar of Beogh.
 16346 | Orc:2    | Entered Level 2 of the Orcish Mines
 16395 | Orc:2    | Found a staircase to the Elven Halls.
 16507 | Orc:1    | Found a runed door.
 16569 | Orc:1    | Reached skill level 10 in Armour
 16597 | Orc:1    | Found a roughly hewn altar of Beogh.
 16750 | Orc:2    | Noticed an orc warlord
 16759 | Orc:2    | Killed an orc warlord
 16759 | Orc:2    | Reached XP level 14. HP: 129/129 MP: 24/24
 16779 | Orc:2    | Found a roughly hewn altar of Beogh.
 16782 | Orc:2    | Found Obajuhaf's Antique Armour Shop.
 16783 | Orc:2    | Gained Zartorak as an ally
 16812 | Orc:2    | Found Woimmod's Book Shop.
 16834 | Orc:2    | Found Mitre's General Store.
 16908 | Orc:2    | Found Townil's Assorted Antiques.
 16924 | Orc:2    | Bought a transparent ivory amulet for 145 gold pieces
 16925 | Orc:2    | Identified the amulet of Perfectionism {Gourm Str+2} (You bought it in a shop on level 2 of the Orcish Mines)
 17060 | Orc:2    | Found a roughly hewn altar of Beogh.
 17076 | Orc:2    | Found Jaostie's Antique Weapon Shop.
 17098 | Orc:2    | Noticed a stone giant
 17104 | Orc:2    | Killed a stone giant
 17466 | D:15     | Entered Level 15 of the Dungeon
 17493 | D:15     | Reached skill level 15 in Invocations
 17532 | D:15     | Gained Hawl as an ally
 17534 | D:15     | Found a roughly hewn altar of Beogh.
 17622 | D:15     | Noticed Nessos
 17625 | D:15     | Killed Nessos
 17737 | D:15     | Noticed a dire elephant
 17751 | D:15     | Your ally Hawl died
 17753 | D:15     | Killed a dire elephant
 17772 | D:15     | Found a staircase to the Depths.
 18842 | Lair:2   | Found a hole to the Spider Nest.
 19289 | Lair:3   | Gained Jorge as an ally
 20133 | Lair:4   | Noticed Rupert
 20143 | Lair:4   | Killed Rupert
 20213 | Lair:4   | Reached XP level 15. HP: 129/136 MP: 27/27
 20443 | Lair:4   | Found a staircase to the Shoals.
 21792 | Lair:6   | Entered Level 6 of the Lair of Beasts
 22287 | Lair:6   | Found a viscous altar of Jiyva.
 22287 | Lair:6   | Found a staircase to the Slime Pits.
 23260 | Lair:5   | Upgraded the game from 0.20-a0-299-gec7c366 to 0.20-a0-303-g575bbf7
 23334 | Spider:1 | Entered Level 1 of the Spider Nest
 24251 | Spider:2 | Reached skill level 15 in Armour
 24445 | Spider:2 | Reached XP level 16. HP: 136/144 MP: 29/29
 24768 | Spider:2 | Noticed Louise
 24778 | Spider:2 | Cast into level 3 of the Abyss (Louise)
 24805 | Abyss:3  | Noticed a tentacled starspawn
 24810 | Abyss:3  | Killed a tentacled starspawn
 24810 | Abyss:3  | Reached skill level 15 in Axes
 24831 | Abyss:3  | Noticed a tentacled starspawn
 24838 | Abyss:3  | Killed a tentacled starspawn
 24942 | Abyss:3  | Noticed an ancient lich
 24954 | Abyss:3  | Noticed an Ice Fiend
 24958 | Abyss:3  | Killed an ancient lich
 24960 | Spider:2 | Escaped the Abyss
 24972 | Spider:2 | Killed Louise
 25408 | Spider:2 | Gained Ugrim as an ally
 26274 | Spider:3 | Reached skill level 15 in Fighting
 26494 | Spider:3 | Reached XP level 17. HP: 116/156 MP: 30/30
 26790 | Spider:4 | Entered Level 4 of the Spider Nest
 27292 | Spider:4 | Reached skill level 1 in Throwing
 27507 | Spider:4 | Your ally Spirok died
 27564 | Spider:4 | Your ally Milork died
 27848 | Spider:4 | Your ally Zartorak died
 27849 | Spider:4 | Reached skill level 1 in Evocations
 27880 | Spider:4 | Got a gossamer rune of Zot
 28392 | Vaults:1 | Entered Level 1 of the Vaults
 28565 | Vaults:1 | Noticed a Hell Sentinel
 28566 | Vaults:1 | Noticed a Brimstone Fiend
 28583 | Vaults:1 | Cast into level 2 of the Abyss (a deep elf demonologist)
 28630 | Abyss:2  | Noticed an ancient lich
 28660 | Abyss:2  | Found a corrupted altar of Lugonu.
 28753 | Vaults:1 | Escaped the Abyss
 28756 | Vaults:1 | Noticed an Executioner
 28759 | Vaults:1 | Noticed an Ice Fiend
 28795 | Vaults:1 | Reached XP level 18. HP: 170/170 MP: 32/32
 28926 | Vaults:1 | Reached skill level 5 in Evocations
 29073 | Vaults:1 | Gained Wargrak as an ally
 29134 | Vaults:1 | Your ally Wargrak died
 29412 | Vaults:1 | Found Jieceir's Antique Armour Boutique.
 29482 | Vaults:1 | Gained Brunolf as an ally
 29926 | Vaults:1 | Gained Bogfrid as an ally
 30286 | Vaults:1 | Got an ichor-stained scimitar
 30287 | Vaults:1 | Identified the +3 scimitar of Gluttony {flame, +Blink SInv} (You found it on level 1 of the Vaults)
 30536 | Vaults:2 | Reached XP level 19. HP: 182/182 MP: 33/33
 30662 | Vaults:2 | Reached skill level 10 in Evocations
 30821 | Vaults:2 | Found a staircase to the Crypt.
 30850 | Vaults:2 | Got a pitted plate armour
 30957 | Vaults:2 | Paralysed by a wizard for 3 turns
 31044 | Vaults:2 | Found Odwah's Antique Weapon Boutique.
 31349 | Vaults:2 | Identified the +2 plate armour "Dieles" {rC+ Regen+ Int+4} (You found it on level 2 of the Vaults)
 32135 | Vaults:3 | Gained Borgoth as an ally
 32138 | Vaults:3 | Your ally Ugrim died
 32144 | Vaults:3 | Gained Wulfoc as an ally
 32337 | Vaults:3 | Identified the +1 chain mail "Muemicw" {+Blink Dex+2 Stlth-} (You found it on level 3 of the Vaults)
 32358 | Vaults:3 | Found Rioliwit's Book Shoppe.
 32579 | Vaults:3 | Noticed Jory
 32589 | Vaults:3 | Killed Jory
 33417 | Vaults:4 | Reached XP level 20. HP: 187/195 MP: 34/34
 33682 | Vaults:4 | Found Ceduvufe's Antique Armour Shop.
 33900 | Vaults:4 | Your ally Ogrik died
 34072 | Vaults:4 | Gained Hilgar as an ally
 34086 | Vaults:4 | Gained Herok as an ally
 34607 | Vaults:4 | Cast into level 3 of the Abyss (a deep elf demonologist)
 34626 | Abyss:3  | Paralysed by accursed screaming for 1 turns
 34634 | Abyss:3  | Paralysed by accursed screaming for 1 turns
 34647 | Abyss:3  | Paralysed by accursed screaming for 2 turns
 34661 | Abyss:3  | Got an abyssal rune of Zot
 34742 | Vaults:4 | Escaped the Abyss
 34799 | Vaults:4 | Gained mutation: Your body sometimes deteriorates upon taking damage. [mutagenic glow]
 35237 | Vaults:5 | Entered Level 5 of the Vaults
 35243 | Vaults:5 | Reached XP level 21. HP: 192/205 MP: 35/35
 35244 | Vaults:5 | Reached skill level 10 in Shields
 35252 | Vaults:5 | Noticed Mara
 35255 | Vaults:5 | Noticed an ancient lich
 36074 | Elf:1    | Entered Level 1 of the Elven Halls
 36176 | Elf:1    | Found a flickering gateway to a bazaar.
 36190 | Bazaar   | Entered a bazaar
 36209 | Bazaar   | Found Teanargh's Distillery.
 36240 | Bazaar   | Found Haunisugg's Distillery.
 36255 | Bazaar   | Found Udiynnur's Gadget Shoppe.
 36275 | Bazaar   | Found Ziusi's Gadget Shoppe.
 36307 | Bazaar   | Bought a wand of hasting (4/9) for 480 gold pieces
 36325 | Bazaar   | Bought a potion of mutation for 22 gold pieces
 36325 | Bazaar   | Bought 2 potions of agility for 72 gold pieces
 36325 | Bazaar   | Bought a potion of curing for 27 gold pieces
 36355 | Bazaar   | Bought a potion of agility for 52 gold pieces
 36355 | Bazaar   | Bought a potion of agility for 52 gold pieces
 36355 | Bazaar   | Bought 2 potions of cure mutation for 650 gold pieces
 36355 | Bazaar   | Bought a potion of curing for 39 gold pieces
 36355 | Bazaar   | Gained mutation: You are dopey. (Int -2) [potion of mutation]
 36355 | Bazaar   | Gained mutation: You are resistant to hostile enchantments. (MR+) [potion of mutation]
 36355 | Bazaar   | Gained mutation: You are partially covered in yellow scales. (AC +2) [potion of mutation]
 36596 | Elf:1    | Gained Garbold as an ally
 36727 | Elf:1    | Identified the Tome of Calling
 37005 | Elf:1    | Noticed Roxanne
 37030 | Elf:1    | Killed Roxanne
 37398 | Elf:1    | Learned a level 1 spell: Summon Butterflies
 37451 | Elf:2    | Found Ula Iri's Antique Armour Shop.
 37589 | Elf:2    | Found a ruined gateway.
 37599 | Desolati | Entered the Desolation of Salt
 37613 | Desolati | Noticed heinrich's ghost (journeyman FeBe)
 37662 | Desolati | Killed heinrich's ghost
 37688 | Desolati | Identified the Papyrus of Calling and Talismans
 37691 | Desolati | Got a scintillating iron amulet
 37693 | Desolati | Identified the amulet of a Thousand Ghosts {Regen+ Str+2 Int+8 Dex-5 Stlth+} (You found it in the Desolation of Salt)
 37799 | Desolati | Identified the Disquisition on Unstable Flight
 37818 | Desolati | Identified Gutolop's Collected Works on Flamy Creation
 38654 | Desolati | Got a warped bronze ring
 38659 | Desolati | Identified the ring "Fokhlyed" {*Tele rElec MR- Str+3 Stlth+} (You found it in the Desolation of Salt)
 39370 | Desolati | Got a brightly glowing copper ring
 39371 | Desolati | Identified the Reference Book on Twisted Lightness
 39374 | Desolati | Identified the ring "Sytin" {Wiz rN++ Str-5} (You found it in the Desolation of Salt)
 39381 | Desolati | Learned a level 2 spell: Swiftness
 39383 | Desolati | Got a coiled bronze ring
 39385 | Desolati | Identified the ring of the Lost Tables {+Fly Dex+5} (You found it in the Desolation of Salt)
 39397 | Desolati | Identified Masiplak's Almanac of Freezing Transmigration
 39573 | Elf:2    | Reached XP level 22. HP: 211/217 MP: 36/36
 39720 | Elf:2    | Gained Boghold as an ally
 39771 | Elf:2    | Bought a warped chain mail for 313 gold pieces
 39771 | Elf:2    | Identified the cursed +0 chain mail of the Learner {Int+4} (You bought it in a shop on level 2 of the Elven Halls)
 39810 | Elf:2    | Found a runed door.
 39819 | Elf:2    | Found a runed door.
 40367 | Elf:2    | Noticed Agnes
 40371 | Elf:2    | Killed Agnes
 40523 | Elf:3    | Entered Level 3 of the Elven Halls
 40771 | Elf:3    | Learned a level 1 spell: Apportation
 41197 | Elf:3    | Your ally Hilgar died
 41199 | Elf:3    | Your ally Brunolf died
 41201 | Elf:3    | Your ally Borgoth died
 41204 | Elf:3    | Your ally Bogfrid died
 41214 | Elf:3    | Gained Marbaugh as an ally
 41226 | Elf:3    | Your ally Jorge died
 41288 | Elf:3    | Gained mutation: You regenerate slowly when monsters are visible. [mutagenic glow]
 41321 | Elf:3    | Identified Humpag's Tome of Helpful Feathers
 41383 | Elf:3    | Got a bloodstained broad axe
 41384 | Elf:3    | Identified the +3 broad axe "Rokkobav" {holy, Str+3 Dex+6 Stlth-} (You found it on level 3 of the Elven Halls)
 41386 | Elf:3    | Lost mutation: Your body sometimes deteriorates upon taking damage. [potion of cure mutation]
 41386 | Elf:3    | Lost mutation: You are resistant to hostile enchantments. (MR+) [potion of cure mutation]
 41386 | Elf:3    | Lost mutation: You are dopey. (Int -2) [potion of cure mutation]
 41386 | Elf:3    | Lost mutation: You are partially covered in yellow scales. (AC +2) [potion of cure mutation]
 41387 | Elf:3    | Lost mutation: You regenerate slowly when monsters are visible. [potion of cure mutation]
 41387 | Elf:3    | Lost mutation: You can translocate small distances at will. [potion of cure mutation]
 41392 | Elf:3    | Got a brightly glowing pewter amulet
 41406 | Elf:3    | Got a smoking bone ring
 41428 | Elf:3    | Got a glittering ivory ring
 41476 | Elf:3    | Identified the amulet "Zugiq" {+Rage rF++ MP-9} (You found it on level 3 of the Elven Halls)
 41479 | Elf:3    | Identified the cursed ring of Ezotzima {rF- Str+6 Dex-3} (You took it off a deep elf master archer on level 3 of the Elven Halls)
 41483 | Elf:3    | Identified the ring "Acsah" {Wiz Str+4 Int+4} (You took it off a deep elf mage on level 3 of the Elven Halls)
 42309 | Vaults:5 | Your ally Garbold died
 42323 | Vaults:5 | Your ally Marbaugh died
 42553 | Vaults:5 | Your ally Herok died
 42558 | Vaults:5 | Killed an ancient lich
 42559 | Vaults:5 | Your ally Wulfoc died
 42580 | Vaults:5 | Your ally Boghold died
 42607 | Vaults:5 | HP: 10/217 [fire giant/bolt of fire (27)]
 42633 | Vaults:5 | HP: 7/217 [fire giant/bolt of fire (7)]
 42633 | Vaults:5 | Killed from afar by a tengu reaver

Vault maps used:
D:1:      dpeg_arrival_circle_labyrinth_b
D:2:      tso_metal_star, first_bread, uniq_natasha
D:3:      fedhas_altar_2, old_standard_altar, grunt_gozag_breadcrumbs
D:4:      dancing_weapons_uskayaw, enter_ossuary_3
D:5:      basic_altar, uniq_crazy_yiuf_cottage
D:6:      gammafunk_temple_overflow_statue, serial_shops, shop_fountains,
          nicolae_shop_window_shopping
D:7:      lemuel_zombie_altar_yredelemnul, serial_shops, shop
D:8:      fiery_altar_vehumet, lair_entry_dummy
D:9:      kennysheep_little_box, uniq_grum
D:11:     erik_orc_1, david_nohive_1, minivault_24, uniq_psyche, uniq_snorg
D:12:     uniq_sonja, uniq_erolcha, uniq_urug
D:13:     special_room, serial_shops, nicolae_shop_statue_plus,
          lab_entry_generic, basic_altar, lemuel_nasty_fountain
D:14:     erik_vaults_1
D:15:     hangedman_depths_entry_try_elsewhere_first, special_room,
          corexii_leaking_fountain, uniq_nessos
Lair:1:   minmay_guarded_unrand_snakebite
Lair:2:   nicolae_spider_entry_tight_spaces
Lair:3:   regret_index_tunnel_blossom, beast_lair_carwin_8
Lair:4:   minmay_shoals_entry_beasts, grunt_forest_stairs_basic, uniq_rupert
Lair:5:   grunt_forest_large_clearings, serial_bayou_shore_a
Lair:6:   due_jungle_book, dpeg_slime_entry_enclosed_altar, grunt_megastairs_1
Spider:1: spider_trap
Spider:2: hangedman_spider_mandibles, uniq_louise
Spider:3: spiders_nest_a, spider_trap, minivault_29
Spider:4: grunt_spider_rune_circles, nicolae_crawler_farm
Orc:1:    basic_altar, lightli_church_of_beogh
Orc:2:    grunt_orc_cross, basic_altar, serial_shops,
          nicolae_shop_overgrown_old_shop
Elf:1:    minmay_elf_arrival_summoners, serial_shops, bzr_firewalk,
          minmay_elf_demonology, grunt_megastairs_2, uniq_roxanne
Elf:2:    portal_desolation_entry_garden, serial_shops,
          nicolae_shop_overgrown_old_shop, uniq_agnes
Elf:3:    grunt_elf_hall_asides, guppyfry_library_mini
Vaults:1: nicolae_vaults_meeting, vaults_mumra_minichess, vaults_room_boxed,
          v_pattern_5, v_misc_33, vaults_room_semicircle, vaults_room_hallway,
          vaults_dpeg_ring, serial_shops, nicolae_shop_behind_doors
Vaults:2: minmay_crypt_entry_simple_sparse, v_rooms_1, st_cross, v_misc_28,
          nicolae_vaults_network_quinsquares, vaults_dpeg_encased_lava,
          vaults_dpeg_cross, grunt_vaults_swirl, vaults_room_fours,
          serial_shops, shop
Vaults:3: dpeg_vaults_monster_box, nicolae_vaults_sealed_display,
          vaults_room_hangedman_quadrants, ontoclasm_vaults_ring_small,
          nicolae_vaults_asterisk, ontoclasm_vaults_decontamination,
          v_alt_pattern_4, vaults_standard_mumra_lines, vaults_room_door_ring,
          ontoclasm_vaults_hangar, nicolae_vaults_mini_display_case,
          ontoclasm_vaults_claustrophobia, vaults_dpeg_spiral, v_misc_28,
          ontoclasm_vaults_twist, vaults_room_grunt_arrival_ludios,
          serial_shops, shop, uniq_jory
Vaults:4: ontoclasm_vaults_hangar, nicolae_vaults_asterisk,
          ontoclasm_vaults_spin, dpeg_vaults_monster_row,
          nicolae_vaults_branching_niches, ontoclasm_vaults_tryst,
          nicolae_vaults_asterisk, hangedman_vaults_hat, vaults_room_pools,
          vaults_room_fours, ontoclasm_vaults_loading_screen, v_misc_16,
          serial_shops, nicolae_shop_overgrown_old_shop
Vaults:5: uniq_mara
Abyss:2:  guppyfry_abyss_exit_imp_island, hangedman_abyss_exit_choices
Abyss:3:  evilmike_abyss_exit_2, hangedman_abyss_or_decor_lesser_grid,
          minivault_4, serial_sigils_hangedman_quiver,
          nicolae_abyss_rune_star_stuff
Lab:      nicolae_lab_dead_adventurers, nicolae_lab_diamond, nicolae_lab_grate,
          nicolae_lab_hexagon, lab_hedge
Bazaar:   dpeg_bazaar_wands
Ossuary:  ossuary_kennysheep_city_of_the_dead

Skill      XL: |  1  2  3  4  5  6  7  8  9 10 11 12 13 14 15 16 17 18 19 20 21 22 |
---------------+-------------------------------------------------------------------+-----
Axes           | 5 6 7 9 10 11 13 14 16 18 20 21 22 | 22.0
Fighting       | 4 5 7 8 10 12 13 15 17 19 20 21 22 | 22.8
Armour         | 1 3 5 6 10 12 15 | 15.3
Shields        | 2 4 5 7 9 12 | 12.9
Invocations    | 7 10 12 13 14 16 19 20 22 | 22.9
Dodging        | 4 6 8 |  8.4
Throwing       | 2 |  2.2
Evocations     | 4 9 10 | 10.8
Stealth        | |  1.5

Action                   |  1- 3 |  4- 6 |  7- 9 | 10-12 | 13-15 | 16-18 | 19-21 | 22-24 || total
-------------------------+-------+-------+-------+-------+-------+-------+-------+-------++-------
Melee: Hand axe          |    54 |   214 |   618 |       |       |       |       |       ||   886
       War axe           |       |       |    26 |   295 |       |       |       |       ||   321
       Broad axe         |       |       |       |   175 |   863 |  1335 |  1371 |   356 ||  4100
Throw: Javelin           |       |       |       |       |     3 |     2 |       |     2 ||     7
Invok: Smiting           |       |       |     2 |     8 |     7 |    14 |     7 |    16 ||    54
       Convert to Beogh  |       |       |     1 |       |       |       |       |       ||     1
       Recall Orcish Fol |       |       |       |     2 |     4 |     1 |     9 |     6 ||    22
       Give Item to Name |       |       |       |     2 |     4 |     3 |     5 |     2 ||    16
 Abil: Blink             |       |       |       |     1 |     1 |     7 |     5 |       ||    14
       Evoke Invisibilit |       |       |       |       |       |     1 |     3 |     3 ||     7
Evoke: Wand              |       |       |     4 |     1 |       |    17 |    12 |    20 ||    54
  Use: Scroll            |     4 |     2 |    19 |    11 |    13 |    10 |     9 |    12 ||    80
       Potion            |     1 |     2 |     5 |     3 |     2 |    12 |    15 |    12 ||    52
 Stab: Sleeping          |     1 |       |       |     4 |       |       |     1 |       ||     6
       Distracted        |       |       |       |     5 |     9 |    10 |    13 |     4 ||    41
       Held in net/web   |       |       |       |       |       |     2 |       |       ||     2
       Paralysed         |       |       |       |       |       |     4 |       |       ||     4
       Invisible         |       |       |       |       |       |     3 |    49 |     7 ||    59
  Eat: Bread ration      |     1 |       |     4 |       |       |       |     6 |     2 ||    13
       Chunk             |       |     3 |     4 |     5 |     8 |     1 |     1 |       ||    22
       Pizza             |       |       |     1 |     1 |     1 |     1 |       |       ||     4
       Beef jerky        |       |       |       |     3 |     1 |       |       |     2 ||     6
       Royal jelly       |       |       |       |     3 |    12 |     7 |       |       ||    22
       Fruit             |       |       |       |       |     4 |       |     5 |       ||     9
       Meat ration       |       |       |       |       |       |     1 |     2 |     1 ||     4
Armor: Robe              |     5 |       |       |       |       |       |       |       ||     5
       Scale mail        |     7 |    94 |    44 |    89 |       |       |       |       ||   234
       Chain mail        |       |       |    78 |    40 |   371 |   738 |   501 |   144 ||  1872
Dodge: Dodged            |    40 |   107 |   191 |   227 |   335 |   487 |   492 |   104 ||  1983
Block: Buckler           |       |       |   240 |   261 |   636 |   864 |   823 |   199 ||  3023
       Other             |       |       |     1 |     8 |       |       |       |       ||     9
       Reflection        |       |       |     4 |    12 |     6 |    12 |    60 |    33 ||   127
